 Dungeon Crawl Stone Soup version 0.30-a0-219-gf2db51d15e (webtiles) character file.

Game seed: 9713274817266491914

211 Essalna the Covered (level 5, -1/49 HPs)
             Began as an Armataur Berserker on Oct 6, 2022.
             Was a Believer of Trog.
             Splashed by a jelly's acid (3 damage)
             ... on level 4 of the Dungeon.
             The game lasted 00:04:36 (2737 turns).

Essalna the Covered (Armataur Berserker)            Turns: 2737, Time: 00:04:36

Health: -1/49      AC:  0    Str: 24    XL:     5   Next: 57%
Magic:  5/5        EV:  6    Int:  8    God:    Trog [**....]
Gold:   95         SH:  0    Dex:  9    Spells: 4/4 levels left

rFire   . . .      SeeInvis .    p - +2 whip (venom)
rCold   . . .      Faith    .    (no shield)
rNeg    + . .      Spirit   .    n - +0 chain mail
rPois   .          Reflect  .    (no helmet)
rElec   .          Harm     .    (no cloak)
rCorr   .          Roll     +    (no gloves)
Will    .....                    (no barding)
Stlth   ..........               (no amulet)
HPRegen 0.28/turn                d - ring of positive energy
MPRegen 0.09/turn                (no ring)

@: corroded
A: large, rugged brown scales 3, deformed body, armoured tail, roll, long
tongue, awkward tongue
a: Renounce Religion, Berserk, Trog's Hand


You were on level 4 of the Dungeon.
You worshipped Trog.
Trog was pleased with you.
You visited 1 branch of the dungeon, and saw 4 of its levels.

You collected 95 gold pieces.

Inventory:

Hand Weapons
 a - a +0 mace
 p - a +2 whip of venom (weapon)
Armour
 b - a +0 animal skin
 i - a +0 scale mail
 n - a +0 chain mail (worn)
Jewellery
 d - a ring of positive energy (left hand)
 g - an amulet of magic regeneration
 h - an amulet of faith
Scrolls
 f - 3 scrolls of identify {unknown}
 k - 2 scrolls of fog {unknown}
 l - 2 scrolls of vulnerability {unknown}
 m - a scroll of summoning {unknown}
Potions
 c - 2 potions of heal wounds {unknown}
 e - a potion of mutation {unknown}
 j - 3 potions of berserk rage {unknown}
 o - a potion of flight {unknown}
 q - a potion of might {unknown}


   Skills:
 + Level 3.9 Fighting
 + Level 4.0 Maces & Flails
 + Level 4.5 Armour
 - Level 1.3 Dodging


You had 4 spell levels left.
You didn't know any spells.
Your spell library was empty.

Dungeon Overview and Level Annotations

Branches:
Dungeon (4/15)
 Temple: D:4-7

Altars:

Shops:
D:1 :


Innate Abilities, Weirdness & Mutations

You are completely covered in rugged brown scales. (AC +3, +7% HP)
Armour fits poorly on your strangely shaped body.
You have a long armoured tail.
You roll when moving toward enemies. (Rampage)
Your long tongue fully drains potion bottles. (2x potion effects)
Your tongue gives you trouble enunciating. (1.5x scroll delay)


Message History

The hobgoblin barely misses you.
You barely miss the hobgoblin. The hobgoblin barely misses you.
You hit the hobgoblin. You tail-slap the hobgoblin.
You kill the hobgoblin!
Trog accepts your kill.
You whack the jackal!
You kill the jackal!
Trog accepts your kill.
You barely miss the jackal.
Your tail-slap misses the jackal.
The jackal bites you but does no damage. x2
You closely miss the jackal. The jackal bites you.
You barely miss the jackal. The jackal barely misses you.
You hit the jackal.
The jackal is severely wounded.
The jackal bites you but does no damage.
You hit the jackal.
You kill the jackal!
Trog accepts your kill.
The kobold throws a stone.
The stone hits you but does no damage.
You hit the orc.
The orc is lightly wounded.
The orc hits you but does no damage.
You hit the orc.
You kill the orc!
Trog accepts your kill.
You hit the kobold.
You kill the kobold!
Trog accepts your kill.
You whack the jelly!
Your hands burn!
The jelly is heavily wounded.
The jelly hits you.
You are splashed with acid!
You hit the jelly. The acid corrodes you!
Your hands burn!
* * * LOW HITPOINT WARNING * * *
The jelly is severely wounded.
The jelly hits you.
* * * LOW HITPOINT WARNING * * *
The acid corrodes you!
You are splashed with acid!
* * * LOW HITPOINT WARNING * * *
You hit the jelly but do no damage.
Your hands burn!
You die...

.. ###.... #
##.##....# #. .
#.....##.## ... ..
##.........##.... #.
#...........#....
..#..#..###..##.......
...........#.##.....#
.##.#.......@J.....#
#.......†#)...##
........†..##...#
............###.......
..........### .......
###........ .......
##........ .......
#........ .......
.......... .......


You could see a jelly.

Vanquished Creatures
  A hound (D:4)
  A jelly (D:2)
  An orc wizard (D:3)
  2 adders
  2 dart slugs
  5 orcs
  2 ball pythons
  8 endoplasms
  6 giant cockroaches
  9 goblins
  4 hobgoblins
  3 jackals (D:4)
  9 kobolds
  4 quokkas
  4 bats
  3 frilled lizards
  4 rats
68 creatures vanquished.

Vanquished Creatures (others)
  An orc wizard (D:3)
  2 plants (D:2)
3 creatures vanquished.

Grand Total: 71 creatures vanquished

Notes
Turn   | Place    | Note
-------+----------+-------------------------------------------
     0 | D:1      | Essalna the Armataur Berserker began the quest for the Orb.
     0 | D:1      | Reached XP level 1. HP: 19/19 MP: 1/1
   207 | D:1      | Reached XP level 2. HP: 25/26 MP: 2/2
   506 | D:1      | Found Offajo's Book Shop.
   688 | D:2      | Reached XP level 3. HP: 33/33 MP: 3/3
   738 | D:2      | Reached ** piety under Trog
   843 | D:2      | Reached XP level 4. HP: 32/40 MP: 4/4
  1630 | D:3      | Found a faded altar of an unknown god.
  1632 | D:3      | Reached XP level 5. HP: 49/49 MP: 5/5
  2736 | D:4      | HP: 2/49 [acid (9)]
  2737 | D:4      | Splashed by a jelly's acid

Illustrated notes

Levels and vault maps discovered:
D:1:      lemuel_arrival_funnel, layout_loops_ring, serial_shops,
          nicolae_shop_trees
D:2:      layout_basic, serial_forest, infiniplex_forest_lined_corner,
          infiniplex_forest_clump_curved, infiniplex_forest_clump_curved,
          infiniplex_forest_clump_medium, infiniplex_forest_corner_1,
          infiniplex_forest_clump_diagonal
D:3:      layout_basic, hellmonk_ecumenical_altar_crossroads
D:4:      layout_cave_pools, minmay_temple_entry_trees, uniq_robin

Skill      XL: |  1  2  3  4  5 |
---------------+----------------+-----
Maces & Flails | 3 4 |  4.0
Fighting       | 3 |  3.9
Armour         | 3 4 |  4.5
Dodging        | |  1.3

Action                   |  1- 3 |  4- 6 || total
-------------------------+-------+-------++-------
Melee: Mace              |    55 |    84 ||   139
       Tailslap          |     5 |     6 ||    11
       Whip              |       |    64 ||    64
 Stab: Sleeping          |     2 |       ||     2
Armor: Animal skin       |    12 |       ||    12
       Scale mail        |    18 |    31 ||    49
       Chain mail        |       |    46 ||    46
Dodge: Dodged            |    16 |    50 ||    66

Table legend: (Time is in decaauts)
 A = Elapsed time spent in this place.
 B = Non-inter-level travel time spent in this place.
 C = Inter-level travel time spent in this place.
 D = Time resting spent in this place.
 E = Time spent auto-exploring this place.
 F = Levels seen in this place.
 G = Mean time per level.
                   A        B        C        D        E       F      G
               +--------+--------+--------+--------+--------+-----+--------+
         Total |   2762 |   2707 |     55 |      0 |   2239 |   4 |  690.5 |
       Dungeon |   2762 |   2707 |     55 |      0 |   2239 |   4 |  690.5 |
               +--------+--------+--------+--------+--------+-----+--------+

Top non-repeatable levels by time:
     D:3: 1384 daAuts
     D:1: 663 daAuts
     D:2: 662 daAuts
     D:4: 51 daAuts
